 Dungeon Crawl Stone Soup version 0.31-a0-1-g4198be8af4 (webtiles) character file.

Game seed: 7227584882351670259

103 cforsyth the Covered (level 5, 0/39 (46) HPs)
             Began as a Meteoran Fighter on May 2, 2023.
             Slain by a wight
             ... wielding a +3 spear
              (8 damage)
             ... on level 4 of the Dungeon.
             The game lasted 00:02:52 (635 turns).

cforsyth the Covered (Meteoran Fighter)              Turns: 635, Time: 00:02:52

HP:   0/39 (46)     AC:  8    Str: 20    XL:     5   Next: 29%
MP:   6/6           EV:  9    Int:  9    God:
Gold: 44            SH:  5    Dex: 13    Spells: 4/4 levels left

rFire   . . .        a - +0 flail
rCold   . . .        c - +0 buckler
rNeg    . . .        b - +0 scale mail
rPois   .            j - +0 helmet
rElec   .            (no cloak)
rCorr   .            (no gloves)
SInv    .            (no boots)
Will    .....        h - amulet of regeneration Stlth
                     (no ring)
HPRegen 1.06/turn    (no ring)
MPRegen 0.10/turn

%: no passive effects
@: glowing, heavily drained
A: sense surroundings 1, otherworldly, glowing, explore regen
a: no special abilities


You were on level 4 of the Dungeon.
You visited 1 branch of the dungeon, and saw 4 of its levels.

You collected 44 gold pieces.

Inventory:

Hand Weapons
 a - a +0 flail (weapon)
Armour
 b - a +0 scale mail (worn)
 c - a +0 buckler (worn)
 j - a +0 helmet (worn)
Jewellery
 h - an amulet of regeneration (around neck)
Wands
 i - a wand of polymorph (3)
Scrolls
 e - a scroll of magic mapping {unknown}
 g - a scroll of teleportation {unknown}
 k - a scroll of identify {unknown}
 l - a scroll of amnesia {unknown}
Potions
 d - a potion of might
 f - a potion of cancellation {unknown}


   Skills:
 + Level 4.1 Fighting
 + Level 3.9 Maces & Flails
 + Level 4.5 Armour
 + Level 4.5 Shields


You had 4 spell levels left.
You didn't know any spells.
Your spell library was empty.

Dungeon Overview and Level Annotations

Branches:
Dungeon (4/15) Zot: 1735
 Temple: D:4-7

Altars:


Innate Abilities, Weirdness & Mutations

You passively map a small area around you.
You are easily found by Zot.
You glow in the dark.
You regain HP and MP as you explore.


Message History

The wight hits you with a +0 long sword.
You sock the wight!
You destroy the wight!
Your life force feels restored.
Your Fighting skill increases to level 4!
You have reached level 5!
A wight comes into view. It is wielding a +3 spear.
Things that are here:
a +0 long sword; a +0 robe You hit the wight.
The wight is lightly damaged.
The wight hits you with a +3 spear!
You closely miss the wight.
The wight is lightly damaged.
The wight hits you but does no damage.
You barely miss the wight.
The wight is lightly damaged.
The wight hits you with a +3 spear.
You feel drained. The wight hits you with a +3 spear.
You feel drained.
You hit the wight but do no damage.
The wight is lightly damaged.
You block the wight's attack.
You closely miss the wight.
The wight is lightly damaged.
You block the wight's attack.
You barely miss the wight.
The wight is lightly damaged.
The wight hits you with a +3 spear.
You feel drained.
You hit the wight but do no damage. The wight hits you but does no damage.
The wight hits you with a +3 spear.
You barely miss the wight. The wight hits you with a +3 spear!
You feel drained.
You barely miss the wight. The wight hits you with a +3 spear!
You barely miss the wight. You block the wight's attack.
The wight hits you with a +3 spear!
* * * LOW HITPOINT WARNING * * *
You feel drained.
* * * LOW HITPOINT WARNING * * *
You closely miss the wight. The wight hits you with a +3 spear!
You die...

######### ........#
### * ,
########.########<#
..................#
.#####<#.#######..#
*###.# ####.)# *
..# #...@.# * ####
#.###z#* *, ,,, ,
.. ...., , * *
##**, #.### ,
,,,...,,, , * #.# *
* #.. , .#, ,* , ,
*


You could see a wight.

Vanquished Creatures
  A wight (D:4)
  Robin (D:3)
  An adder (D:2)
  2 worms
  2 ball pythons
  A giant cockroach (D:2)
  10 goblins
  4 hobgoblins
  A bat (D:3)
  2 rats
  A spectral kobold (D:2)
26 creatures vanquished.

Notes
Turn   | Place    | Note
-------+----------+-------------------------------------------
     0 | D:1      | cforsyth the Meteoran Fighter began the quest for the Orb.
     0 | D:1      | Reached XP level 1. HP: 19/19 MP: 2/2
   185 | D:2      | Found a faded altar of an unknown god.
   196 | D:2      | Reached XP level 2. HP: 26/26 MP: 3/3
   274 | D:3      | Noticed Robin
   402 | D:2      | Reached XP level 3. HP: 31/31 MP: 4/4
   411 | D:3      | Killed Robin
   518 | D:2      | Reached XP level 4. HP: 37/40 MP: 5/5
   613 | D:4      | Noticed a wight
   621 | D:4      | Killed a wight
   622 | D:4      | Reached XP level 5. HP: 41/46 MP: 6/6
   635 | D:4      | Slain by a wight

Illustrated notes

Levels and vault maps discovered:
D:1:      saegor_arrival_under_anarchy, layout_basic
D:2:      layout_basic, dreamdust_ecumenical_altar_drowned_temple
D:3:      layout_loops_corners, minmay_goblin_kobold_house, uniq_robin
D:4:      minmay_polygon_palace, layout_basic, bloody_makhleb,
          minmay_gold_behind_fungi, hangedman_minor_gate_pass

Skill      XL: |  1  2  3  4 |
---------------+-------------+-----
Maces & Flails | 3 |  3.9
Armour         | 4 |  4.5
Shields        | 4 |  4.5
Fighting       | 4 |  4.1

Action                     |  1- 3 |  4- 6 || total
---------------------------+-------+-------++-------
  Melee: Flail             |    61 |    30 ||    91
 Armour: Scale mail        |    38 |     4 ||    42
  Dodge: Dodged            |    17 |     2 ||    19
  Block: Buckler           |    16 |     9 ||    25

Table legend: (Time is in decaauts)
 A = Elapsed time spent in this place.
 B = Non-inter-level travel time spent in this place.
 C = Inter-level travel time spent in this place.
 D = Time resting spent in this place.
 E = Time spent auto-exploring this place.
 F = Levels seen in this place.
 G = Mean time per level.
                   A        B        C        D        E       F      G
               +--------+--------+--------+--------+--------+-----+--------+
         Total |    663 |    663 |      0 |    100 |      0 |   4 |  165.8 |
       Dungeon |    663 |    663 |      0 |    100 |      0 |   4 |  165.8 |
               +--------+--------+--------+--------+--------+-----+--------+

Top non-repeatable levels by time:
     D:2: 291 daAuts
     D:3: 227 daAuts
     D:1: 109 daAuts
     D:4: 35 daAuts
